 Dungeon Crawl Stone Soup version 0.31-a0-1074-g0b22e4e0f1 (webtiles) character file.

Game seed: 9646362754281045329

44 grandjackal the Ducker (level 3, -1/28 HPs)
             Began as a Demonspawn Gladiator on Nov 29, 2023.
             Slain by a gnoll
             ... wielding a +0 spear
              (3 damage)
             ... on level 2 of the Dungeon.
             The game lasted 00:01:08 (823 turns).

grandjackal the Ducker (Demonspawn Gladiator)        Turns: 823, Time: 00:01:08

Health: -1/28      AC: 10    Str: 14    XL:     3   Next: 41%
Magic:  3/3        EV: 11    Int:  9    God:
Gold:   11         SH:  0    Dex: 16    Spells: 2/2 levels left

rFire   . . .        a - +0 long sword
rCold   . . .        (no shield)
rNeg    . . .        h - +0 ring mail
rPois   .            c - +0 helmet
rElec   .            (no cloak)
rCorr   .            (no gloves)
SInv    .            (no boots)
Will    .....        (no amulet)
Stlth   +            b - +4 ring of protection
HPRegen 0.24/turn    (no ring)
MPRegen 0.08/turn

%: no passive effects
@: no status effects
A: weakness stinger 1
a: no special abilities


You were on level 2 of the Dungeon.
You visited 1 branch of the dungeon, and saw 2 of its levels.

You collected 11 gold pieces.

Inventory:

Hand Weapons
 a - a +0 long sword (weapon)
Missiles
 d - 3 throwing nets (quivered)
 e - a javelin
Armour
 c - a +0 helmet (worn)
 h - a +0 ring mail (worn)
Jewellery
 b - a +4 ring of protection (left hand)
Scrolls
 i - a scroll of noise {unknown}
 k - a scroll of enchant armour {unknown}
Potions
 f - a potion of lignification {unknown}
 g - a potion of curing {unknown}
 j - a potion of degeneration {unknown}


   Skills:
 + Level 2.7 Fighting
 + Level 3.1 Long Blades
 - Level 2.0 Throwing
 + Level 3.1 Dodging


You had 2 spell levels left.
You didn't know any spells.
Your spell library contained the following spells:

 Spells                   Type           Power      Damage    Failure   Level
 Manifold Assault         Tloc           0%         N/A       100%        4
 Dispersal                Tloc           0%         N/A       100%        6
 Disjunction              Tloc           0%         N/A       100%        8


Dungeon Overview and Level Annotations

Branches:
Dungeon (2/15)

Altars:
Xom


Innate Abilities, Weirdness & Mutations

You have a small tail.


Message History

The rat misses you. The gnoll misses you. The rat bites you.
The rat moves out of view.
You hit the rat.
You kill the rat!
The gnoll closely misses you. The gnoll hits you with a +0 spear.
You see here a rat corpse.
You hit the gnoll.
The gnoll is moderately wounded.
A gnoll comes into view. It is wielding a +0 whip.
The gnoll closely misses you.
The gnoll shouts!
You hit the gnoll but do no damage.
The gnoll is moderately wounded.
The gnoll barely misses you.
You hit the gnoll.
The gnoll is severely wounded.
The gnoll closely misses you.
You hit the gnoll but do no damage.
The gnoll is severely wounded.
The gnoll hits you with a +0 spear.
You hit the gnoll.
The gnoll is moderately wounded.
The gnoll hits you but does no damage. The gnoll hits you with a +0 flail.
You barely miss the gnoll.
The gnoll is moderately wounded.
The gnoll hits you from afar with a +0 spear.
The gnoll closely misses you.
You barely miss the gnoll.
You tail-slap the gnoll, but do no damage.
The gnoll is moderately wounded.
The gnoll hits you from afar with a +0 spear.
The gnoll hits you with a +0 flail!
* * * LOW HITPOINT WARNING * * *
The gnoll attacks as it pursues you! The gnoll completely misses you.
You see here a ring of wizardry.
The gnoll attacks as it pursues you! The gnoll hits you but does no damage.
The gnoll attacks as it pursues you!
The gnoll hits you from afar with a +0 spear.
You die...

#... #.# #.?. #..# #.#
#.. #..# #.# #g.
##..#####.# #.#
..........# #g#
..........########†#.#
##..._..#........gr..#
#........†#####g#####
#.......#.# #@##..
#..##...#.# #.##.#
#..######.# ##.##.#
##. #..# #.#
##.#.#.###.... ...#
#.###.###.........
...## #....##
##.....## ...
#####.###..#####
.......#.#...#
##<####.#


You could see 3 gnolls.

Vanquished Creatures
  A gnoll (D:1)
  A dart slug (D:1)
  4 ball pythons (D:1)
  3 bats
  3 endoplasms (D:1)
  2 goblins (D:1)
  3 hobgoblins (D:1)
  3 quokkas (D:1)
  3 frilled lizards
  4 kobolds
  3 rats
30 creatures vanquished.

Notes
Turn   | Place    | Note
-------+----------+-------------------------------------------
     0 | D:1      | grandjackal the Demonspawn Gladiator began the quest for
                  | the Orb.
     0 | D:1      | Reached XP level 1. HP: 16/16 MP: 1/1
   256 | D:1      | Gained mutation: You have a small tail. [demonic ancestry]
   256 | D:1      | Reached XP level 2. HP: 18/22 MP: 2/2
   639 | D:1      | Reached XP level 3. HP: 28/28 MP: 3/3
   777 | D:2      | Found a shimmering altar of Xom.
   820 | D:2      | HP: 1/28 [gnoll/+0 flail (9)]
   823 | D:2      | Slain by a gnoll

Illustrated notes

Levels and vault maps discovered:
D:1:      dpeg_arrival_round_c, layout_loops_ring
D:2:      layout_loops_ring, chequers_ecumenical_altar_lobes, basic_altar,
          serial_shops, nicolae_shop_tiny_waterfront, minmay_pentomino_w2,
          uniq_jessica

Skill      XL: |  1  2 |
---------------+-------+-----
Throwing       | 2 |  2.0
Dodging        | 3 |  3.1
Long Blades    | 3 |  3.1
Fighting       | |  2.7

Action                     || total
---------------------------++-------
  Melee: Long sword        ||    78
         Tailslap          ||     6
         Punch             ||     1
 Armour: Ring mail         ||    44
         Leather armour    ||     1
  Dodge: Dodged            ||    61

Table legend: (Time is in decaauts)
 A = Elapsed time spent in this place.
 B = Non-inter-level travel time spent in this place.
 C = Inter-level travel time spent in this place.
 D = Time resting spent in this place.
 E = Time spent auto-exploring this place.
 F = Levels seen in this place.
 G = Mean time per level.
                   A        B        C        D        E       F      G
               +--------+--------+--------+--------+--------+-----+--------+
         Total |    841 |    827 |     14 |     11 |    601 |   2 |  420.5 |
       Dungeon |    841 |    827 |     14 |     11 |    601 |   2 |  420.5 |
               +--------+--------+--------+--------+--------+-----+--------+

Top non-repeatable levels by time:
     D:1: 763 daAuts
     D:2: 78 daAuts
